Map: Para Site LE

Players

Mufi - Winner!

  • Race: Zerg Zerg
  • League: Diamond
  • Spawn Location: 5:00

Huckey

  • Race: Protoss Protoss
  • League: Diamond
  • Spawn Location: 11:00

VOD

Have the link to the VOD?

Description

Time

  • Played on: Oct. 20, 2018, 8:57 a.m.
  • Length: 20:01
Show
View Real Time Build Order
Export as new Build Order

Mufi Zerg - Winner!

Build Orders: Hatch First, Lurkers, Roach Nydus 

Get SALT Encoding   

  12  0:01  Drone  
  13  0:12  Overlord  
  13  0:16  Drone  
  14  0:31  Drone x2  
  16  0:49  Hatchery  
  15  0:51  Drone  
  15  0:55  Drone  
  17  0:58  Drone  
  18  1:09  Extractor  
  17  1:14  Spawning Pool  
  17  1:18  Drone  
  17  1:20  Drone  
  18  1:30  Drone  
  19  2:02  Drone x3  
  19  2:03  Drone  
  23  2:22  Overlord  
  23  2:27  Queen  
  25  2:32  Zergling x6  
  28  2:39  Metabolic Boost  
  28  2:46  Queen  
  30  2:55  Drone x2  
  32  3:05  Overlord  
  32  3:09  Lair  
  32  3:14  Drone x2  
  32  3:15  Drone  
  35  3:20  Drone  
  35  3:24  Extractor  
  35  3:28  Extractor  
  35  3:31  Drone x4  
  38  3:41  Overlord  
  38  3:42  Drone x2  
  38  3:43  Drone  
  41  3:54  Overlord x2  
  41  3:55  Drone  
  42  4:04  Drone x3  
  45  4:12  Roach Warren  
  44  4:17  Drone x3  
  47  4:24  Drone x4  
  51  4:34  Nydus Network, Overseer  
  50  4:41  Drone x3  
  50  4:42  Extractor  
  52  4:52  Roach x5  
  62  4:53  Roach  
  62  4:56  Roach  
  66  5:09  Glial Reconstitution  
  66  5:12  Overlord x2  
  66  5:18  Overlord x2  
  66  5:43  Nydus Canal  
  66  5:45  Roach x9  
  84  5:57  Nydus Canal  
  84  6:09  Drone x6  
  80  6:21  Hatchery  
  80  6:23  Hydralisk Den  
  78  6:34  Spore Crawler  
  78  6:37  Spore Crawler  
  76  6:52  Evolution Chamber  
  76  6:53  Hatchery  
  74  6:55  Muscular Augments  
  74  6:56  Hydralisk x5  
  74  6:57  Hydralisk x4  
  92  7:10  Overlord  
  92  7:11  Overlord x2  
  92  7:18  Zerg Missile Weapons Level 1  
  92  7:33  Queen  
  92  7:35  Hydralisk x6  
  92  7:36  Hydralisk  
  108  7:47  Queen  
  112  7:51  Drone x6  
  112  7:54  Overlord  
  112  7:58  Ravager x4  
  120  7:59  Ravager x2  
  88  8:29  Grooved Spines  
  88  8:32  Spire  
  78  8:35  Roach x3  
  78  8:40  Drone x3  
  78  8:41  Drone x6  
  88  9:01  Drone x5  
  88  9:02  Extractor, Drone x2  
  94  9:04  Extractor  
  94  9:08  Drone x5  
  98  9:27  Roach  
  98  9:28  Roach x13  
  116  9:45  Mutalisk x4  
  124  9:50  Mutalisk  
  126  9:59  Zergling x12  
  132  10:06  Zerg Missile Weapons Level 2  
  132  10:19  Mutalisk x2  
  136  10:23  Overlord x4  
  136  10:33  Zerg Flyer Weapons Level 1  
  136  10:46  Mutalisk x5  
  124  11:14  Hydralisk x9  
  124  11:16  Zergling x6  
  124  11:17  Zergling x24  
  149  11:34  Mutalisk  
  149  11:35  Mutalisk x2  
  149  11:49  Zergling x20  
  149  11:50  Zergling x4  
  155  12:26  Mutalisk x6  
  155  12:28  Overlord x2  
  155  12:29  Overlord x2  
  166  12:37  Extractor  
  166  12:42  Extractor  
  100  13:02  Hydralisk x17  
  122  13:14  Zergling x6  
  122  13:15  Lurker Den, Zergling x12  
  120  13:31  Hydralisk x6  
  132  13:36  Roach x2  
  136  13:47  Hatchery  
  135  14:01  Zergling x26  
  148  14:05  Queen  
  150  14:16  Zergling x8  
  147  14:42  Hatchery  
  147  14:44  Lurker x7  
  147  14:45  Lurker x3  
  156  14:48  Zergling x22  
  167  14:59  Lair  
  166  15:12  Hydralisk x3  
  166  15:13  Hydralisk x6  
  146  15:37  Hydralisk x10  
  153  15:56  Hydralisk x8  
  163  15:59  Zergling x6  
  146  16:14  Overseer x3  
  146  16:15  Overseer x2  
  137  16:21  Hydralisk x6  
  149  16:33  Zergling x22  
  149  16:34  Zergling x2  
  161  16:47  Drone x8  
  161  16:52  Lurker x2  
  161  16:53  Lurker x4  
  175  16:54  Extractor  
  175  16:57  Extractor  
  175  16:59  Queen  
  175  17:27  Infestation Pit  
  155  17:46  Hydralisk x13  
  155  17:47  Hydralisk x9  
  181  18:08  Zergling x26  
  181  18:11  Lurker  
  181  18:12  Lurker x2  
  197  18:26  Zergling x16  
  197  18:27  Zergling x4  
  150  19:02  Lurker x2  
  150  19:03  Lurker x5  
  150  19:06  Zergling x12  
  150  19:07  Zergling x22  
  173  19:14  Hatchery  
Show
View Real Time Build Order
Export as new Build Order

Huckey Protoss 

Build Orders:  

Get SALT Encoding   

  12  0:01  Probe  
  13  0:16  Probe  
  14  0:24  Pylon  
  14  0:28  Probe  
  15  0:39  Probe  
  15  0:42  Forge  
  16  0:47  Probe  
  16  0:56  Probe  
  18  1:04  Probe  
  19  1:12  Probe  
  20  1:22  Probe  
  21  1:34  Probe  
  21  1:37  Pylon  
  21  1:39  Pylon  
  22  1:46  Probe  
  23  1:58  Probe, Photon Cannon  
  23  1:59  Photon Cannon  
  23  2:01  Photon Cannon  
  24  2:06  Photon Cannon  
  23  2:11  Probe  
  24  2:23  Probe  
  25  2:31  Nexus  
  25  2:34  Probe  
  25  2:35  Photon Cannon  
  26  2:39  Pylon  
  26  2:42  Probe  
  26  2:48  Assimilator  
  26  2:50  Probe, Assimilator  
  27  2:53  Pylon  
  28  2:58  Probe  
  28  3:01  Gateway  
  29  3:07  Probe  
  30  3:15  Probe  
  31  3:23  Photon Cannon  
  31  3:25  Assimilator  
  31  3:27  Probe  
  31  3:34  Assimilator  
  32  3:40  Probe  
  33  3:46  Probe  
  34  3:52  Probe  
  34  3:54  Probe  
  35  3:56  Cybernetics Core  
  35  3:57  Pylon  
  35  4:02  Probe  
  36  4:04  Probe  
  36  4:07  Pylon  
  38  4:12  Probe, Protoss Ground Weapons Level 1  
  38  4:16  Probe  
  40  4:24  Probe  
  40  4:28  Probe  
  42  4:32  Robotics Facility  
  42  4:36  Probe  
  42  4:37  Probe, Stargate  
  43  4:45  Probe, Warp Gate  
  44  4:48  Probe  
  44  4:52  Pylon  
  46  4:54  Probe  
  47  5:00  Probe, Pylon  
  47  5:02  Twilight Council  
  47  5:06  Probe  
  49  5:10  Immortal  
  49  5:12  Void Ray  
  49  5:13  Probe  
  50  5:18  Probe  
  55  5:25  Probe  
  60  5:31  Probe  
  60  5:33  Robotics Bay  
  61  5:37  Probe  
  61  5:38  Zealot  
  61  5:42  Charge  
  64  5:43  Probe  
  64  5:49  Probe, Observer  
  67  5:55  Void Ray  
  65  6:10  Colossus  
  69  6:20  Probe  
  69  6:22  Extended Thermal Lance  
  69  6:24  Probe  
  77  6:33  Probe  
  77  6:36  Probe  
  77  6:37  Void Ray  
  83  6:59  Nexus  
  83  7:00  Pylon  
  83  7:02  Protoss Ground Weapons Level 2  
  83  7:03  Pylon  
  83  7:08  Pylon  
  83  7:10  Assimilator, Pylon  
  83  7:11  Colossus  
  83  7:13  Pylon  
  83  7:15  Assimilator  
  83  7:16  Pylon  
  83  7:18  Probe x2  
  91  7:23  Photon Cannon  
  91  7:25  Photon Cannon  
  91  7:29  Photon Cannon  
  91  7:34  Photon Cannon  
  91  7:42  Templar Archives  
  91  7:43  Dark Shrine  
  91  7:48  Gateway  
  91  7:49  Gateway  
  91  7:52  Blink  
  91  7:58  Stalker  
  89  8:17  Probe x2  
  89  8:19  Colossus  
  81  8:23  Zealot  
  83  8:41  Probe, Void Ray  
  84  8:44  Psionic Storm  
  84  8:45  Probe  
  84  8:47  Photon Cannon  
  84  8:48  Zealot  
  91  8:56  Photon Cannon  
  91  8:57  Shield Battery  
  91  9:00  Shield Battery  
  91  9:01  Photon Cannon  
  91  9:03  Shield Battery  
  91  9:10  Gateway  
  91  9:12  Gateway x2  
  91  9:20  Colossus  
  97  9:25  Dark Templar x3  
  103  9:38  Void Ray  
  107  9:42  Photon Cannon  
  107  9:43  Photon Cannon, Protoss Ground Armor Level 1  
  107  9:58  High Templar x2  
  107  9:59  Zealot  
  113  10:05  Gateway  
  113  10:12  Gateway x2  
  113  10:15  Gateway  
  113  10:19  Colossus  
  119  10:22  Gateway x2  
  119  10:23  Void Ray  
  119  10:26  Gateway  
  119  10:27  High Templar  
  125  10:29  Pylon  
  125  10:37  High Templar  
  125  10:38  Zealot x3  
  125  10:39  Zealot  
  135  11:03  Phoenix  
  135  11:07  Nexus, Stalker x2  
  135  11:10  Stalker x3  
  132  11:20  Phoenix  
  130  11:53  Photon Cannon x2  
  130  11:56  Phoenix  
  132  12:07  Pylon  
  132  12:09  Pylon  
  132  12:14  Pylon  
  132  12:16  Assimilator  
  132  12:20  Assimilator  
  132  12:24  Stargate  
  132  12:26  Fleet Beacon  
  132  12:30  Robotics Facility  
  132  12:33  Stargate  
  132  12:35  Pylon  
  132  12:41  Dark Templar x2  
  132  12:42  Dark Templar  
  132  12:43  Stalker x4  
  132  12:44  Stalker x2  
  126  12:57  Stalker x3  
  126  13:03  Phoenix  
  124  13:14  Anion Pulse-Crystals  
  124  13:15  Phoenix  
  126  13:24  Probe  
  126  13:25  Probe  
  126  13:27  Probe  
  127  13:29  Probe  
  127  13:32  Probe  
  127  13:33  Probe  
  130  13:36  Probe  
  130  13:37  Probe  
  133  13:41  Probe  
  133  13:44  Probe  
  133  13:45  Probe x2  
  137  13:53  Probe  
  139  13:56  Phoenix  
  139  13:58  Archon x2  
  139  13:59  Archon  
  139  14:02  Phoenix  
  143  14:04  Probe  
  143  14:05  Probe x2  
  143  14:07  Probe  
  143  14:08  Phoenix  
  147  14:13  Probe  
  147  14:16  Probe  
  150  14:18  Probe  
  150  14:19  Probe  
  153  14:44  Phoenix x2  
  157  14:51  Photon Cannon  
  157  14:52  Probe  
  158  14:53  Probe, Photon Cannon  
  158  14:55  Probe  
  158  14:56  Probe, Photon Cannon  
  161  15:01  Photon Cannon  
  161  15:04  Probe  
  161  15:05  Probe  
  164  15:07  Probe  
  164  15:09  Photon Cannon  
  164  15:10  Observer  
  147  15:18  Pylon  
  85  15:31  Dark Templar  
  85  15:32  Dark Templar, Observer  
  85  15:33  Dark Templar x3  
  85  15:34  Dark Templar  
  85  15:38  Colossus  
  63  15:47  Observer  
  68  15:57  Dark Templar x3  
  68  15:58  Dark Templar  
  68  16:03  Observer  
  77  16:15  Colossus  
  77  16:26  Colossus  
  77  16:28  Forge  
  83  16:40  High Templar x2  
  83  16:42  High Templar  
  83  16:45  Zealot  
  83  16:46  Archon  
  83  16:47  Archon, Nexus  
  91  16:50  Protoss Ground Armor Level 2  
  91  17:07  High Templar  
  91  17:08  Zealot x3  
  99  17:18  Probe x2  
  99  17:19  Probe  
  102  17:26  Sentry  
  102  17:27  Sentry  
  102  17:29  Sentry  
  108  17:30  Zealot x2  
  72  17:56  High Templar x2  
  72  17:57  Observer  
  72  17:58  Zealot x4  
  78  17:59  Zealot  
  84  18:12  Zealot x2  
  86  18:13  Zealot x2  
  64  19:14  Assimilator  
  64  19:18  Assimilator  
  64  19:20  Pylon  
  64  19:23  Pylon  
  76  19:27  Pylon  
  76  19:30  Zealot x6  
  76  19:31  Zealot x3  
  94  19:32  High Templar  
  94  19:33  Zealot x2  
  77  19:51  Zealot x2  
  77  19:52  Zealot x5  
  77  19:53  Zealot  
Tags
 
Composition
Lurkers
Matchup
PvZ
Spawn Locations
Cross Positions
Strategy
Roach Nydus
Add a new tag
Caveats
  • Supply blocks, unpowered buildings, or Contaminate may cause inaccurate times.
  • Supply counts are checked every 10 seconds.